 Seeded DCSS version 0.31-a0-1529-g7bd419a0e5 (webtiles) character file.

Game seed: 12314716651391791899 (custom seed)

91 Pooter the Chopper (level 4, 0/41 HPs)
             Began as a Minotaur Berserker on Dec 31, 2023.
             Was a Believer of Trog.
             Slain by an orc wizard
             ... wielding a +0 dagger
              (2 damage)
             ... on level 3 of the Dungeon.
             The game lasted 00:07:03 (1597 turns).

Pooter the Chopper (Minotaur Berserker)             Turns: 1597, Time: 00:07:04

Health: 0/41       AC:  2    Str: 24    XL:     4   Next: 33%
Magic:  3/3        EV: 15    Int:  4    God:    Trog [**....]
Gold:   1514       SH:  6    Dex:  9    Spells: 3/3 levels left

rFire   . . .        a - +0 hand axe
rCold   . . .        f - +0 kite shield {reflect}
rNeg    . . .        g - +0 animal skin
rPois   .            (helmet restricted)
rElec   .            (no cloak)
rCorr   .            (no gloves)
SInv    .            (no boots)
Will    .....        (no amulet)
Stlth   +            d - +5 ring of evasion
HPRegen 0.26/turn    (no ring)
MPRegen 0.08/turn

%: reflection
@: no status effects
A: horns 2, retaliatory headbutt
a: Renounce Religion, Berserk, Trog's Hand


You were on level 3 of the Dungeon.
You worshipped Trog.
Trog was pleased with you.
You visited 1 branch of the dungeon, and saw 3 of its levels.

You collected 1514 gold pieces.

Inventory:

Hand Weapons
 a - a +0 hand axe (weapon)
 b - a +0 sling
   (You found it on level 1 of the Dungeon)
Missiles
 h - 4 poisoned darts
 n - 5 curare-tipped darts
 Q - 28 stones (quivered)
Armour
 f - a +0 kite shield of reflection (worn)
   (You acquired it on level 1 of the Dungeon)
 g - a +0 animal skin (worn)
Jewellery
 d - a +5 ring of evasion (left hand)
   (You found it on level 1 of the Dungeon)
 i - an amulet of reflection
   (You found it on level 1 of the Dungeon)
Scrolls
 l - a scroll of identify {unknown}
 m - a scroll of amnesia {unknown}
Potions
 c - a potion of ambrosia {unknown}
 e - 2 potions of curing {unknown}
 j - a potion of might {unknown}
 k - a potion of brilliance {unknown}


   Skills:
 + Level 4.6 Fighting
 * Level 5.5 Axes
 - Level 2.4 Armour
 - Level 2.1 Dodging


You had 3 spell levels left.
You didn't know any spells.
Your spell library was empty.

Dungeon Overview and Level Annotations

Branches:
Dungeon (3/15) Zot: 16301

Altars:


Innate Abilities, Weirdness & Mutations

You have a pair of horns on your head.
You reflexively headbutt those who attack you in melee.


Message History

The orc wizard gestures wildly while chanting.
The orc wizard flickers and vanishes!
You shoot a sling bullet. The sling bullet hits the orc.
You hear some strange, mumbled words.
You are confused.
The orc barely misses you. The orc misses you. Something barely misses you.
You are too confused!
Non-targeted confused fire: b) +0 sling
Press: ? - help, Q - select action, (/) - cycle Dir - look around, f - activate You shoot a sling bullet.
Something hits you but does no damage. The orc hits you with a +0 dagger.
Unknown command.
Unknown command.
a - a +0 hand axe (weapon)
Something hits you. The orc hits you with a +0 dagger.
You closely miss the orc. Your headbutt misses the orc. You miss something.
The orc hits you but does no damage. Something hits you.
You barely miss the orc. You hit something. Something barely misses you.
The orc barely misses you.
You barely miss the orc. You hit something. Something hits you.
* * * LOW HITPOINT WARNING * * *
The orc closely misses you. The orc hits you with a +0 dagger.
* * * LOW HITPOINT WARNING * * *
You hear some strange, mumbled words.
A magic dart appears from out of thin air!
The magic dart hits you!
* * * LOW HITPOINT WARNING * * *
You completely miss something. You hit the orc.
You hear some strange, mumbled words.
A puff of flame appears from out of thin air!
The puff of flame hits you.
* * * LOW HITPOINT WARNING * * *
The orc hits you but does no damage.
Unknown command.
You bump into the rock wall.
You feel less confused. You block something's attack.
The orc closely misses you.
Unknown command.
You barely miss the orc. You miss something.
Something hits you but does no damage. The orc hits you with a +0 dagger.
* * * LOW HITPOINT WARNING * * *
You hit the orc but do no damage. You hit something but do no damage.
The orc barely misses you. Something hits you.
You die...

##### ......
...... #
......### #'##
.......{##.....
...>...@ob{....
#######.##o....
#†# ... #.# .
#.# #.# #.# #.#
######## #.#


You could see 2 orcs and a bat.

Vanquished Creatures
  4 adders
  A dart slug (D:2)
  An orc (D:3)
  4 bats
  An endoplasm (D:1)
  4 giant cockroaches
  5 hobgoblins
  2 quokkas (D:2)
  6 ball pythons
  A frilled lizard (D:1)
  7 goblins
  9 kobolds
  5 rats
50 creatures vanquished.

Notes
Turn   | Place    | Note
-------+----------+-------------------------------------------
     0 | D:1      | Pooter the Minotaur Berserker began the quest for the Orb.
     0 | D:1      | Reached XP level 1. HP: 19/19 MP: 0/0
    24 | D:1      | Reached skill level 4 in Axes
    60 | D:1      | Identified 3 scrolls of acquirement
    60 | D:1      | Acquired 562 gold pieces
    62 | D:1      | Acquired a +0 kite shield of reflection
    68 | D:1      | Acquired 922 gold pieces
   160 | D:1      | Reached XP level 2. HP: 24/27 MP: 1/1
   702 | D:1      | Reached ** piety under Trog
   712 | D:1      | Reached XP level 3. HP: 22/33 MP: 2/2
  1033 | D:2      | Reached skill level 5 in Axes
  1350 | D:2      | Reached XP level 4. HP: 41/41 MP: 3/3
  1594 | D:3      | HP: 2/41 [something/puff of flame (6)]
  1597 | D:3      | Slain by an orc wizard

Illustrated notes

Levels and vault maps discovered:
D:1:      dpeg_arrival_simpleton_a, layout_loops_ring, minmay_tromino_v4_b
D:2:      layout_loops_cross
D:3:      layout_basic, mainiacjoe_overflow_alcove_2, tgw_fedhas

Skill      XL: |  1  2  3 |
---------------+----------+-----
Axes           | 4 5 |  5.5
Fighting       | 4 |  4.6
Armour         | |  2.4
Dodging        | |  2.1

Action                     |  1- 3 |  4- 6 || total
---------------------------+-------+-------++-------
  Melee: Hand axe          |    18 |     6 ||    24
         Headbutt          |     1 |       ||     1
   Fire: Sling             |   148 |    35 ||   183
    Use: Scroll            |     3 |       ||     3
 Armour: Animal skin       |    40 |    24 ||    64
  Dodge: Dodged            |    66 |    22 ||    88
  Block: Kite shield       |    42 |     8 ||    50
         Reflection        |     1 |       ||     1

Table legend: (Time is in decaauts)
 A = Elapsed time spent in this place.
 B = Non-inter-level travel time spent in this place.
 C = Inter-level travel time spent in this place.
 D = Time resting spent in this place.
 E = Time spent auto-exploring this place.
 F = Levels seen in this place.
 G = Mean time per level.
                   A        B        C        D        E       F      G
               +--------+--------+--------+--------+--------+-----+--------+
         Total |   1697 |   1664 |     33 |      0 |   1234 |   3 |  565.7 |
       Dungeon |   1697 |   1664 |     33 |      0 |   1234 |   3 |  565.7 |
               +--------+--------+--------+--------+--------+-----+--------+

Top non-repeatable levels by time:
     D:1: 874 daAuts
     D:2: 681 daAuts
     D:3: 142 daAuts
